 Dungeon Crawl Stone Soup version 0.30.0-5-g1a98f26d00 (webtiles) character file.

Game seed: 9532390688064376484

17913 snarfax the Severer (level 12, -9/124 HPs)
             Began as a Hill Orc Fighter on May 12, 2023.
             Mangled by a death yak simulacrum (26 damage)
             ... on level 1 of the Lair of Beasts.
             The game lasted 00:29:25 (13034 turns).

snarfax the Severer (Hill Orc Fighter)             Turns: 13034, Time: 00:29:26

Health: -9/124     AC: 17    Str: 24    XL:     12   Next: 53%
Magic:  12/12      EV:  6    Int:  8    God:
Gold:   891        SH:  5    Dex: 10    Spells: 11/11 levels left

rFire   . . .        a - +3 war axe
rCold   . . .        c - +0 buckler
rNeg    + . .        r - +4 plate armour
rPois   .            l - +0 helmet
rElec   .            e - scarf {repulsion}
rCorr   .            (no gloves)
SInv    .            (no boots)
Will    +....        (no amulet)
Stlth   x              - ring of positive energy
HPRegen 0.40/turn    B - ring of willpower
MPRegen 0.13/turn

%: repel missiles
@: no status effects
A: no striking features
a: no special abilities


You were on level 1 of the Lair of Beasts.
You visited 2 branches of the dungeon, and saw 14 of its levels.

You collected 891 gold pieces.

Inventory:

Hand Weapons
 a - a +3 war axe (weapon)
 u - a +2 whip of venom
 I - a +2 vampiric hand axe
Missiles
 k - 3 javelins (quivered)
 s - 3 boomerangs of dispersal
 y - 29 poisoned darts
Armour
 c - a +0 buckler (worn)
 e - a scarf of repulsion (worn)
 l - a +0 helmet (worn)
 r - a +4 plate armour (worn)
Jewellery
 f - a ring of positive energy
 x - a ring of positive energy (left hand)
 B - a ring of willpower (right hand)
Wands
 z - a wand of polymorph (5)
 D - a wand of roots (9)
 E - a wand of charming (10)
Scrolls
 g - a scroll of silence
 h - 8 scrolls of teleportation
 i - 2 scrolls of torment
 j - 3 scrolls of immolation
 n - 5 scrolls of amnesia
 p - 3 scrolls of vulnerability
 A - 2 scrolls of poison
 C - 2 scrolls of identify
 F - 2 scrolls of fear
Potions
 b - 9 potions of curing
 d - a potion of might
 m - 4 potions of ambrosia
 o - a potion of brilliance
 q - 2 potions of lignification
 v - 9 potions of attraction
 w - 2 potions of resistance
 G - a potion of flight


   Skills:
 + Level 16.5 Fighting
 - Level 18.0 Axes
 - Level 5.0 Armour
 - Level 5.0 Shields


You had 11 spell levels left.
You didn't know any spells.
Your spell library contained the following spells:

 Spells                   Type           Power      Damage    Failure   Level
 Magic Dart               Conj           0%         1d3       100%        1
 Call Imp                 Summ           0%         N/A       100%        2
 Ensorcelled Hibernation  Hex/Ice        0%         N/A       100%        2
 Passwall                 Tmut/Erth      0%         N/A       100%        2
 Call Canine Familiar     Summ           0%         N/A       100%        3
 Dazzling Flash           Conj/Hex       0%         N/A       100%        3
 Mephitic Cloud           Conj/Pois/Air  0%         N/A       100%        3
 Ozocubu's Armour         Ice            0%         N/A       100%        3
 Portal Projectile        Hex/Tloc       0%         N/A       100%        3
 Swiftness                Air            0%         N/A       100%        3
 Volatile Blastmotes      Fire/Tloc      0%         2d10      100%        3
 Anguish                  Hex/Necr       0%         N/A       100%        4
 Cause Fear               Hex            0%         N/A       100%        4
 Iskenderun's Mystic Bla  Conj/Tloc      0%         2d3       100%        4
 Leda's Liquefaction      Hex/Erth       0%         N/A       100%        4
 Starburst                Conj/Fire      0%         6d3       100%        6
 Enfeeble                 Hex            0%         N/A       100%        7
 Ozocubu's Refrigeration  Ice            0%         4d7       100%        7


Dungeon Overview and Level Annotations

Branches:
Dungeon (13/15)            Temple (0/1) D:6            Lair (1/5) D:11
    Orc (0/2) D:12
 Vaults: D:13-14

Altars:
Cheibriados
Elyvilon
Nemelex Xobeh
Okawaru
Qazlal
Sif Muna
Wu Jian
Zin

Annotations:
D:6 1 runed translucent door, hogiebunz's ghost, amateur KoHu
D:12 Jorgrun


Message History

You feel very mighty all of a sudden.
The death yak gores you but does no damage.
You slice the death yak!!
The death yak is severely wounded.
The death yak gores you!!
* * * LOW HITPOINT WARNING * * *
A red film seems to cover your vision as you go berserk!
You feel yourself moving faster!
You feel mighty! The death yak gores you!
* * * LOW HITPOINT WARNING * * *
You hit the death yak but do no damage.
The death yak is severely wounded.
You slice the death yak!!
You kill the death yak!
You start resting.
You feel a strong urge to attack something.
You start resting.
You feel your anger nearly subside.
You are no longer berserk.
You are exhausted.
You feel yourself slow down.
You start resting.
You feel a little less mighty now.
You start resting.
You feel yourself speed up.
You start resting.
You recover from your berserk rage.
You start resting.
HP restored.
You climb downwards.
Welcome back to the Lair of Beasts!
The two-headed ogre simulacrum hits you!
The two-headed ogre simulacrum freezes you!
The two-headed ogre simulacrum hits you!
The two-headed ogre simulacrum freezes you!
The death yak simulacrum gores you. The death yak simulacrum freezes you!!!
The polar bear simulacrum bites you. The polar bear simulacrum freezes you!
* * * LOW HITPOINT WARNING * * *
The polar bear simulacrum claws you but does no damage. x2
The death yak simulacrum gores you!
* * * LOW HITPOINT WARNING * * *
The death yak simulacrum freezes you!!
You die...

.........>...........
...####.W..............
P.. #..Y........##..#
#.. #..#.##...~.~.#.#
#.. #.#..#.#.~~≈~~~~~.#
#. .....#..~~≈≈≈≈≈≈~.##
.........~~~~≈≈≈≈~~.#
........##.≈≈~~Z~≈≈~.##
#.#####.##.~~~Z@Z~≈≈~.#
# P.#P.~≈≈~~~~≈≈..#
##....~~≈~≈≈≈≈~..#
#(...~≈≈≈≈≈≈~..##
#....~~~~~~~~~#.#
#..........~.....
#..........####.P
...####...# ..


You could see a death yak simulacrum, a polar bear simulacrum and a two-headed
ogre simulacrum.

Vanquished Creatures
  A death yak (D:11)
  2 boulder beetles
  A bog body (D:11)
  A wolf spider zombie (D:12)
  3 cyclopes
  5 centaur zombies (D:12)
  A gargoyle (D:12)
  3 rime drakes (D:11)
  An unseen horror (D:12)
  2 freezing wraiths (D:11)
  A troll (D:12)
  A hornet (D:9)
  A polar bear (D:11)
  2 meliai zombies (D:12)
  5 shadows
  3 wraiths
  3 vampires
  A wyvern (D:10)
  19 yaks
  A basilisk (D:11)
  2 water moccasins
  2 acid dragons
  A sky beast (D:8)
  6 ice beasts (D:11)
  A black bear (D:7)
  4 orc warriors
  8 centaurs
  3 wolves (D:11)
  2 phantoms (D:4)
  5 kobold brigands
  2 bullfrogs
  3 wights (D:6)
  11 killer bees
  3 howler monkeys
  2 hounds (D:4)
  A jelly (D:6)
  14 orc priests
  4 sleepcaps
  2 iguanas
  16 orc wizards
  7 adders
  10 gnolls
  4 white imps
  3 ufetubi
  A worm (D:5)
  2 dart slugs
  58 orcs
  5 ball pythons
  8 bats
  7 endoplasms
  2 giant cockroaches
  4 goblins
  10 hobgoblins
  2 jackals (D:1)
  4 quokkas
  2 frilled lizards
  34 kobolds
  3 rats
315 creatures vanquished.

Vanquished Creatures (others)
  An orc wizard (D:12)
1 creature vanquished.

Grand Total: 316 creatures vanquished

Notes
Turn   | Place    | Note
-------+----------+-------------------------------------------
     0 | D:1      | snarfax the Hill Orc Fighter began the quest for the Orb.
     0 | D:1      | Reached XP level 1. HP: 19/19 MP: 1/1
   124 | D:1      | Reached skill level 3 in Axes
   147 | D:1      | Reached XP level 2. HP: 26/26 MP: 2/2
   358 | D:1      | Reached XP level 3. HP: 24/31 MP: 3/3
   808 | D:2      | Reached skill level 4 in Axes
  1094 | D:2      | Reached XP level 4. HP: 38/39 MP: 4/4
  1577 | D:3      | Reached skill level 5 in Axes
  1709 | D:3      | Reached XP level 5. HP: 45/45 MP: 5/5
  2019 | D:4      | Noticed a phantom
  2032 | D:4      | Killed a phantom
  2033 | D:4      | Reached skill level 6 in Axes
  2033 | D:4      | Reached skill level 5 in Shields
  2033 | D:4      | Reached XP level 6. HP: 23/51 MP: 6/6
  2219 | D:4      | Reached skill level 7 in Axes
  2516 | D:4      | Reached XP level 7. HP: 42/57 MP: 7/7
  2708 | D:5      | Entered Level 5 of the Dungeon
  2831 | D:5      | Reached skill level 5 in Armour
  3057 | D:5      | Reached skill level 8 in Axes
  3187 | D:5      | Found a shimmering blue altar of Sif Muna.
  3469 | D:5      | Reached skill level 9 in Axes
  3640 | D:6      | Found a staircase to the Ecumenical Temple.
  3724 | D:6      | Reached skill level 10 in Axes
  3724 | D:6      | Reached XP level 8. HP: 64/64 MP: 8/8
  3731 | D:6      | Found a runed translucent door.
  3731 | D:6      | Noticed hogiebunz's ghost (amateur KoHu)
  3731 | D:6      | Noticed a troll
  4040 | D:6      | Found a stormy altar of Qazlal.
  4081 | D:6      | Reached skill level 11 in Axes
  4370 | D:6      | Reached skill level 12 in Axes
  5349 | D:7      | Reached skill level 13 in Axes
  5349 | D:7      | Reached XP level 9. HP: 70/70 MP: 9/9
  5558 | D:7      | Reached skill level 14 in Axes
  5570 | D:7      | Identified the staff of earth "Neshriul" {Int+3}
  5946 | D:8      | Found an iron altar of Okawaru.
  6119 | D:8      | Found an ornate altar of the Wu Jian Council.
  6172 | D:8      | Found a white marble altar of Elyvilon.
  6267 | D:8      | Reached skill level 15 in Axes
  6280 | D:8      | Noticed a cyclops
  6292 | D:8      | Reached skill level 16 in Axes
  6297 | D:8      | Killed a cyclops
  6298 | D:8      | Reached XP level 10. HP: 27/77 MP: 10/10
  6571 | D:8      | Reached skill level 17 in Axes
  7129 | D:9      | Reached skill level 18 in Axes
  7318 | D:9      | Reached skill level 5 in Fighting
  8031 | D:10     | Entered Level 10 of the Dungeon
  8168 | D:10     | Found a snail-covered altar of Cheibriados.
  8229 | D:10     | Found a sparkling altar of Nemelex Xobeh.
  8267 | D:10     | Reached XP level 11. HP: 53/95 MP: 11/11
  8388 | D:10     | Found a glowing silver altar of Zin.
  8629 | D:10     | Reached skill level 10 in Fighting
  9082 | D:11     | Noticed a cyclops
  9095 | D:11     | Killed a cyclops
  9250 | D:11     | Found a staircase to the Lair.
  9782 | D:11     | Noticed a boulder beetle
  9814 | D:11     | Killed a boulder beetle
 10048 | Lair:1   | Entered Level 1 of the Lair of Beasts
 10067 | Lair:1   | Noticed a bog body
 10068 | Lair:1   | Noticed a death yak
 10644 | D:12     | Noticed a boulder beetle
 10959 | D:12     | Killed a boulder beetle
 11134 | D:12     | Reached XP level 12. HP: 91/118 MP: 12/12
 11477 | D:12     | Found a staircase to the Orcish Mines.
 11521 | D:12     | Reached skill level 15 in Fighting
 12138 | D:13     | Noticed Jorgrun
 12170 | D:12     | HP: 5/122 [constriction (11)]
 12765 | D:11     | Killed a death yak
 13034 | Lair:1   | Mangled by a death yak simulacrum

Illustrated notes

Levels and vault maps discovered:
D:1:      dpeg_arrival_solitude, layout_basic
D:2:      layout_basic
D:3:      layout_rooms, st_stairs_14
D:4:      layout_loops_cross, hangedman_feature_mirror, grunt_tough_drop
D:5:      layout_loops_ring, kennysheep_mini, minivault_19
D:6:      layout_basic, mainiacjoe_overflow_catwalk,
          minmay_temple_entry_proselytizer, ebering_ghost_inner_flame,
          minmay_a_box_with_orc_wizards_in_it
D:7:      layout_basic, kennysheep_generic_room_9
D:8:      layout_loops_cross, nzn_wu_jian_council_hall,
          mainiacjoe_overflow_alcove_1, elyvilon_altar_5, minmay_microvault
D:9:      layout_basic, minmay_fractal_squares_gapless_5
D:10:     layout_loops_ring, grunt_temple_overflow_open, lemuel_tele_altar
D:11:     layout_irregular_city, hellmonk_lair_entry_icy,
          nicolae_concentric_dashed_squares_wild
D:12:     layout_basic, hiddenorc2_lemuel, serial_undead, serial_undead_e,
          serial_undead_d, serial_undead_c, serial_undead_f
D:13:     layout_stronghold, minmay_stone_trees_medium, skrybe_limestone_x,
          uniq_josephine, uniq_jorgrun
Lair:1:   dreamdust_isle_of_ice, layout_chaotic_city,
          infiniplex_staircase_pool_2, grunt_megastairs_3, lemuel_fruit_tree

Skill      XL: |  1  2  3  4  5  6  7  8  9 10 11 12 |
---------------+-------------------------------------+-----
Axes           | 3 4 5 6 7 10 13 16 18 | 18.0
Shields        | 4 5 |  5.0
Armour         | 4 5 |  5.0
Fighting       | 8 14 16 | 16.5

Action                     |  1- 3 |  4- 6 |  7- 9 | 10-12 || total
---------------------------+-------+-------+-------+-------++-------
  Melee: War axe           |   113 |   139 |   320 |   623 ||  1195
  Throw: Javelin           |       |       |     4 |     2 ||     6
         Dart              |       |       |     1 |     1 ||     2
    Use: Scroll            |     5 |    12 |     9 |     5 ||    31
         Potion            |       |       |     5 |     5 ||    10
 Armour: Scale mail        |    31 |       |       |       ||    31
         Plate armour      |    23 |   109 |   152 |   397 ||   681
  Dodge: Dodged            |    48 |    34 |    90 |   123 ||   295
         Repelled          |       |       |       |     1 ||     1
  Block: Buckler           |    30 |    27 |    56 |   121 ||   234
